 Dungeon Crawl Stone Soup version 0.20-a0-2-g2b0e13a (console) character file.

2327 brucemayne the Cleaver (level 9, -4/96 HPs)
             Began as a Demonspawn Berserker on Oct 29, 2016.
             Was a Priest of Trog.
             Slain by a killer bee (5 damage)
             ... on level 9 of the Dungeon.
             The game lasted 00:11:48 (2644 turns).

brucemayne the Cleaver (Demonspawn Berserker)       Turns: 2644, Time: 00:11:48

Health: -4/96      AC:  7    Str: 24    XL:     9   Next: 19%
Magic:  0/9        EV: 13    Int: 13    God:    Trog [***...]
Gold:   294        SH:  0    Dex: 13    Spells: 0 memorised, 8 levels left

rFire  . . .     SeeInvis .     k - +1 war axe
rCold  . . .     Gourm    .     j - +0 scale mail
rNeg   . . .     Faith    .     (no shield)
rPois  .         Spirit   +     (helmet restricted)
rElec  .         Reflect  .     (no cloak)
rCorr  .         Harm     .     (no gloves)
MR     .....                    (no boots)
Stlth  ..........               (no amulet)
                                o - +3 ring of evasion
                                p - -2 ring of strength (curse)

@: brilliant, berserking, lethally poisoned (-4 -> -11), very quick
A: antennae 2, rugged brown scales 1, powered by pain 2, magic shield
a: Berserk, Trog's Hand, Burn Spellbooks, Renounce Religion


You were on level 9 of the Dungeon.
You worshipped Trog.
Trog was most pleased with you.
You were not hungry.

You visited 2 branches of the dungeon, and saw 10 of its levels.

You collected 294 gold pieces.

Inventory:

Hand Weapons
 a - a +0 hand axe
 k - a +1 war axe (weapon)
 s - a +1 hunting sling of freezing
Missiles
 g - 3 needles of confusion
 i - 18 poisoned needles
 t - 22 stones (quivered)
Armour
 b - a +1 animal skin
 j - a +0 scale mail (worn)
Jewellery
 c - a cursed ring of teleportation
 d - an uncursed ring of resist corrosion
 h - a cursed ring of loudness
 o - a +3 ring of evasion (right hand)
 p - a cursed -2 ring of strength (left hand)
 q - a +2 ring of strength
Wands
 x - a wand of confusion (39/48)
Scrolls
 r - a scroll of recharging
 y - a scroll of identify
Potions
 e - 2 potions of cancellation
 f - 2 potions of brilliance
 l - a potion of curing
 n - a potion of flight {unknown}
 u - a potion of berserk rage
 v - a potion of degeneration {unknown}
Comestibles
 m - 2 meat rations
 w - a slice of pizza
 z - 4 chunks of flesh


   Skills:
 - Level 3.0 Fighting
 + Level 11.4 Axes
 - Level 1.7 Armour
 - Level 1.7 Dodging


You had 8 spell levels left.
You didn't know any spells.

Dungeon Overview and Level Annotations

Branches:
Dungeon (9/15)             Temple (1/1) D:4            Lair (0/6) D:8
    Orc: D:9-12

Altars:
Elyvilon
Fedhas
Makhleb
Okawaru
Sif Muna
Vehumet
Yredelemnul
The Shining One


Innate Abilities, Weirdness & Mutations

You have a pair of antennae on your head.
You are partially covered in rugged brown scales. (AC +1, +3% HP)
You sometimes gain power by taking damage.
When hurt, damage is shared between your health and your magic reserves.


Message History

The killer bee poisons you! The killer bee closely misses you.
The killer bee stings you.
* * * LOW HITPOINT WARNING * * *
You are more poisoned.
The killer bee poisons you!
Your scale mail prevents you from hitting the killer bee.
You miss the killer bee. You slash the killer bee!
* * * LOW HITPOINT WARNING * * *
You feel sick. The killer bee closely misses you.
The killer bee stings you but does no damage. x2
Unknown command.
You barely miss the killer bee. You slash the killer bee!
You kill the killer bee!
Trog accepts your kill.
You slash the killer bee!
You kill the killer bee!
Trog accepts your kill.
* * * LOW HITPOINT WARNING * * *
You feel sick. The killer bee stings you.
You die...

#.#.###...#........
#... #..######.####
#..###.## #.####
#..##..# #.....
#..(..## #####.
#(.#### #.. #...#
##.# ##.#y# #..#
##..@.# ###.##
..#####...†.# #...#
#...........#
##.###
#...........#
####..####
#.........#.#
#........#
#.........#.#
#....=.>..
#.........#.#
#.........
#############
#.........
######....


You could see a killer bee.

Vanquished Creatures
  An elephant (D:8)
  The ghost of p0werm0de the Martial Artist, a novice TeCK of Xom (D:4)
  A hippogriff (D:9)
  Menkaure (D:7)
  A water moccasin (D:9)
  3 ogres
  3 centaurs
  2 crocodiles
  2 bullfrogs
  A wyvern skeleton (D:7)
  2 killer bees (D:9)
  A crimson imp (D:6)
  An orc priest (D:5)
  2 hounds
  A centaur skeleton (D:6)
  Ijyb (D:2)
  3 orc wizards
  A worker ant (D:8)
  Robin (D:2)
  3 gnolls (D:3)
  5 adders
  An adder zombie (D:7)
  2 worms
  3 dart slugs
  2 leopard geckos
  13 orcs
  2 giant cockroaches
  17 goblins
  2 hobgoblins
  6 jackals
  A quokka (D:7)
  6 bats
  2 frilled lizards
  A jackal zombie (D:7)
  A kobold (D:1)
  6 rats
102 creatures vanquished.

Notes
Turn   | Place    | Note
-------+----------+-------------------------------------------
     0 | D:1      | brucemayne the Demonspawn Berserker began the quest for the Orb.
     0 | D:1      | Reached XP level 1. HP: 18/18 MP: 1/1
    71 | D:1      | Reached skill level 3 in Axes
   170 | D:1      | Gained mutation: You have a pair of small antennae on your head. [demonic ancestry]
   170 | D:1      | Reached XP level 2. HP: 21/24 MP: 2/2
   341 | D:2      | Gained mutation: You are partially covered in rugged brown scales. (AC +1, +3% HP) [demonic ancestry]
   341 | D:2      | Reached XP level 3. HP: 3/29 MP: 3/3
   416 | D:2      | Noticed Robin
   422 | D:2      | Killed Robin
   422 | D:2      | Reached skill level 4 in Axes
   426 | D:2      | Reached ** piety under Trog
   700 | D:3      | Reached XP level 4. HP: 36/36 MP: 4/4
   739 | D:3      | Reached skill level 5 in Axes
   838 | D:2      | Noticed Ijyb
   843 | D:2      | Gained mutation: You sometimes gain a little power by taking damage. [demonic ancestry]
   843 | D:2      | Reached XP level 5. HP: 31/42 MP: 5/5
   852 | D:2      | Killed Ijyb
  1092 | D:3      | Found a basalt altar of Yredelemnul.
  1132 | D:4      | Noticed p0werm0de's ghost (novice TeCK)
  1143 | D:4      | Killed p0werm0de's ghost
  1143 | D:4      | Reached skill level 7 in Axes
  1143 | D:4      | Gained mutation: When hurt, damage is shared between your health and your magic reserves. [demonic ancestry]
  1143 | D:4      | Reached XP level 6. HP: 48/48 MP: 6/6
  1196 | D:4      | Found a staircase to the Ecumenical Temple.
  1213 | D:4      | Reached XP level 7. HP: 53/53 MP: 7/7
  1245 | Temple   | Entered the Ecumenical Temple
  1279 | D:5      | Entered Level 5 of the Dungeon
  1396 | D:5      | Found a burning altar of Makhleb.
  1412 | D:5      | Reached *** piety under Trog
  1476 | D:6      | Reached skill level 8 in Axes
  1591 | D:7      | Found a white marble altar of Elyvilon.
  1717 | D:7      | Noticed Menkaure
  1721 | D:7      | Killed Menkaure
  1721 | D:7      | Reached skill level 9 in Axes
  1721 | D:7      | Gained mutation: You sometimes gain power by taking damage. [demonic ancestry]
  1721 | D:7      | Reached XP level 8. HP: 59/59 MP: 8/8
  2113 | D:8      | Noticed an elephant
  2157 | D:8      | Killed an elephant
  2157 | D:8      | Reached skill level 10 in Axes
  2221 | D:8      | Found a staircase to the Lair.
  2371 | D:7      | Found a blossoming altar of Fedhas.
  2371 | D:7      | Found a radiant altar of Vehumet.
  2433 | D:9      | Noticed a hippogriff
  2446 | D:9      | Killed a hippogriff
  2452 | D:9      | Reached skill level 11 in Axes
  2452 | D:9      | Gained mutation: You have a pair of antennae on your head. [demonic ancestry]
  2452 | D:9      | Reached XP level 9. HP: 40/64 MP: 6/9
  2632 | D:8      | Noticed a queen bee
  2642 | D:9      | HP: 2/96 [killer bee (3)]
  2644 | D:9      | Slain by a killer bee

Vault maps used:
D:1:      dpeg_arrival_rhombi
D:2:      kennysheep_the_goblin_king, first_bread, kennysheep_generic_room_3,
          uniq_robin, uniq_jessica
D:3:      yredelemnul_altar_generic, minmay_shallow_snake_nest
D:5:      lightli_temple_of_fire, corexii_checkpoint_a, minmay_misc_feat_x,
          minmay_statues_item, minivault_1, bloody_makhleb, uniq_pikel,
          uniq_duvessa
D:7:      grunt_temple_overflow_open, kennysheep_generic_room_2, uniq_menkaure
D:8:      david_lair_generic, david_nohive_1
D:9:      kennysheep_six_static_rooms, minivault_11
Temple:   eino_temple_scatter_basement

Skill      XL: |  1  2  3  4  5  6  7  8 |
---------------+-------------------------+-----
Axes           | 3 4 5 7 9 11 | 11.4
Fighting       | |  3.0
Armour         | |  1.7
Dodging        | |  1.7

Action                   |  1- 3 |  4- 6 |  7- 9 || total
-------------------------+-------+-------+-------++-------
Melee: Hand axe          |    88 |    21 |       ||   109
       War axe           |       |    51 |   192 ||   243
Invok: Berserk           |     5 |     3 |     8 ||    16
       Trog's Hand       |     1 |     1 |     3 ||     5
Evoke: Wand              |       |       |     9 ||     9
  Use: Scroll            |     4 |     2 |     5 ||    11
       Potion            |       |       |     3 ||     3
  Eat: Chunk             |     2 |     2 |     8 ||    12
       Bread ration      |     1 |       |     1 ||     2
       Pizza             |       |       |     1 ||     1
Armor: Animal skin       |    16 |       |       ||    16
       Scale mail        |     8 |    18 |    63 ||    89
Dodge: Dodged            |    63 |    48 |   142 ||   253
